Workbook

Sheet 注意事項
A2: 請求書作成時の注意事項
A5: (1) | B5: 貴社情報シート 及び 請求書シートに、必要事項を入力して下さい。
B6: 緑 色 | E6: 必須入力
B7: オレンジ色 | E7: 任意 | F7: （※インボイス制度登録番号は2023年10月1日より課税事業者必須）
B8: （入力内容が請求書に自動的に反映されます。）
A10: (2) | B10: 契約有無などで入力内容が変わります。（出来高・未契約内金・精算・単価契約・小口請求）
A12: (3) | B12: 税率が異なる場合は、税率ごとに請求書を作成願います。
A14: (4) | B14: 消費税計算は１円未満を切り捨てします。
A16: (5) | B16: 請求書シートを印刷すると、請求書が3枚出力されますので、その内2枚を提出して下さい。
B17: ① | C17: （正）本社提出 | E17: ： 押印の上、本書を提出して下さい。（データでの提出は不可）
B18: ② | C18: （副）現場控 | E18: ： ①と一緒に提出して下さい。
B19: ③ | C19: 協力会社控 | E19: ： 貴社控えです。
B21: * 契約時は必ず、注文書又は請書のコピーを添付して下さい。
B22: * 注文書発行前の請求は未契約内金となります。
B23: * 出来高請求する場合、必ず出来高調書を添付して下さい。
B24: * 精算請求する場合、出来高調書は不要です。
B25: * 単価契約を請求する場合、必ず単価契約の内容に則した請求書を作成
B26: して下さい。 （契約外の内容は、別途請求書を作成して下さい。）
B27: * 小口請求は、別紙明細を添付いただいて差し支えありません。
C28: （請求内訳欄に『別紙明細』、数量･単位欄に『１式』、金額を記載）
A30: (6) | B30: 貴社の登録情報（社名、住所、TEL/FAX、振込先）に変更がある場合は、
B31: 本社総務部まで書類を提出して下さい。
B32: ・書類：取引先コード設定願い.xlsx
B33: ・『 弊社ホームページ → 協力会社様へ 』 よりダウンロード可能です。
B34: ＵＲＬ：https://www.hagoromoweb.co.jp
A36: (7) | B36: ご不明な点は、本社 総務部までお問い合わせ下さい。
B38: ＜ お問合せ先 ＞ | E38: 株式会社羽衣組 本社 総務部
E39: ＴＥＬ：０７９８－４１－８４４１
E40: ＦＡＸ：０７９８－４１－８５１５

Sheet 貴社情報
B1: 最初に貴社情報を必ず入力して下さい。 （入力内容が請求書に反映されます。）
C4: 【貴社情報】
C5: 取 引 先 コ ー ド
C6: 郵 便 番 号
C7: 住 所
C8: 社 名
C9: Ｔ E L
C10: F A X
C11: 担 当 者
C12: 登 録 番 号 ※１ | P12: （適格請求書等保存方式に基づき税務署から交付される番号：2023年10月1日開始）
C13: 建設業許可の有無
C14: 建設業許可番号 | L14: 許可 （ | O14: － | Q14: ） 第 | W14: 号
C15: 建設業許可の有効期限
C16: 建設業許可工種 | I16: 土 | J16: 建 | K16: 大 | L16: 左 | M16: と | N16: 石 | O16: 屋 | P16: 電 | Q16: 管 | R16: タ | S16: 鋼 | T16: 筋 | U16: 舗 | V16: し | W16: 板 | X16: ガ | Y16: 塗 | Z16: 防 | AA16: 内 | AB16: 機 | AC16: 絶 | AD16: 通 | AE16: 園 | AF16: 井 | AG16: 具 | AH16: 水 | AI16: 消 | AJ16: 清 | AK16: 解
I18: FALSE | J18: FALSE | K18: FALSE | L18: FALSE | M18: FALSE | N18: FALSE | O18: FALSE | P18: FALSE | Q18: FALSE | R18: FALSE | S18: FALSE | T18: FALSE | U18: FALSE | V18: FALSE | W18: FALSE | X18: FALSE | Y18: FALSE | Z18: FALSE | AA18: FALSE | AB18: FALSE | AC18: FALSE | AD18: FALSE | AE18: FALSE | AF18: FALSE | AG18: FALSE | AH18: FALSE | AI18: FALSE | AJ18: FALSE | AK18: FALSE
C19: 1 | I19: =IF(I18=TRUE,I16&" ","") | J19: =IF(J18=TRUE,J16&" ","") | K19: =IF(K18=TRUE,K16&" ","") | L19: =IF(L18=TRUE,L16&" ","") | M19: =IF(M18=TRUE,M16&" ","") | N19: =IF(N18=TRUE,N16&" ","") | O19: =IF(O18=TRUE,O16&" ","") | P19: =IF(P18=TRUE,P16&" ","") | ... AK19: =IF(AK18=TRUE,AK16&" ","") | AL19: =I19&J19&K19&L19&M19&N19&O19&P19&Q19&R19&S19&T19&U19&V19&W19&X19&Y19&Z19&AA19&AB19&AC19&AD19&AE19&AF19&AG19&AH19&AI19&AJ19&AK19
B22: ※１
C23: 国税庁 インボイス制度より

Sheet 請求書
B2: 以下の項目（緑色の箇所） | W2: を入力して下さい。（入力内容が請求書に反映されます。） 印刷すると、請求書が３枚出力されますので、２枚（（正）本社提出、（副）現場控）を提出して下さい。
B3: (オレンジ色の箇所) | W3: は任意入力です。
C6: 【請求内容 ①】
C7: 請求締日の日付
C8: 請求No (任意）
C9: 請 求 種 別 | EG9: 1 | EI9: 1
C11: 【契約内容】 ※注文書の記載内容を入力して下さい。 | BP11: 【請求内容 ②】
C12: 工 事 コード | AC12: - | AE12: 00 | BP12: 工事コード | CM12: － | CO12: 00
C13: 工 事 名 称 | BP13: 工事名称
C14: 注 文 年 月 日 | BP14: 作業日(期間) | CA14: 請求内訳 | CW14: 数量 | DE14: 単位 | DI14: 単価 | DQ14: 金額
S15: 注文番号 | AJ15: 契約金額（税抜） | DQ15: =IF(DI15="","",ROUNDDOWN(CW15*DI15,0))
C16: 契 約 | DQ16: =IF(DI16="","",ROUNDDOWN(CW16*DI16,0))
C17: 変更(増 減)契約 | DQ17: =IF(DI17="","",ROUNDDOWN(CW17*DI17,0))
C18: 変更(増 減)契約 | DQ18: =IF(DI18="","",ROUNDDOWN(CW18*DI18,0))
C19: 契 約 総 計 | AJ19: =IF($EG$9=5,"単価契約",SUM(AJ16:AZ18)) -> 0 | DQ19: =IF(DI19="","",ROUNDDOWN(CW19*DI19,0))
CT20: 当月請求額 | DI20: (税抜) | DQ20: =SUM(IF(DI15="",DQ15,ROUNDDOWN(CW15*DI15,0)),IF(DI16="",DQ16,ROUNDDOWN(CW16*DI16,0)),IF(DI17="",DQ17,ROUNDDOWN(CW17*DI17,0)),IF(DI18="",DQ18,ROUNDDOWN(CW18*DI18,0)),IF(DI19="",DQ19,ROUNDDOWN(CW19*DI19,0))) -> 0
C21: 【請求内容 ②】 | CT21: 消費税額 | DL21: 10 | DO21: ％ | DQ21: =IF(DQ20="","0",ROUNDDOWN(DQ20*DL21/100,0)) -> 0
D22: =IF($EG$9=5,"当月出来高(単価契約)","出来高累計") -> 出来高累計 | CT22: 当月請求額 | DI22: (税込) | DQ22: =IF(DQ20="","",DQ20+DQ21) -> 0
D23: =IF($EG$9=5,"支払率","支払率") -> 支払率 | AE23: =IF($EG$9=1,90,IF($EG$9=4,80,100)) -> 90 | AH23: ％ | AJ23: =IF(AJ22="","0",ROUNDDOWN(AE23*AJ22/100,0)) -> 0 | BA23: ①
D24: =IF($EG$9=5,"","既収金") -> 既収金 | BA24: ②
D25: 当月請求額 (税抜) | AJ25: =IF($EG$9=5,AJ23,IF($EG$9=4,AJ23,(AJ23-AJ24))) -> 0 | BA25: ① - ②
D26: 改 め 計 ( 税 抜 )
D27: 消 費 税 額 | Z27: 税率 | AE27: 10 | AH27: ％ | AJ27: =IF(AJ26="","0",ROUNDDOWN(AJ26*AE27/100,0)) -> 0
D28: 当月請求額 (税込) | AJ28: =IF(AJ26="","",AJ26+AJ27)
A32: 株式会社羽衣組 御中 | AU32: =IFERROR(VLOOKUP(VALUE(BG43&BI43&BK43&BM43&#REF!&#REF!),#REF!,2,FALSE),"") | BA32: 請 求 書 | CZ32: （正）本社提出
AV36: =IF(S7="","",S7)
A37: 下記の通り請求致します | BY37: 0. 請求通り 1. 金額修正 2. 未契約内金 3. 単価契約
BY39: 4. 出来高査定 5. 違 算 6. 分割支払 7. 立 替 8. 精 算
A41: 〒 | E41: =IF(貴社情報!$I$6="","",貴社情報!$I$6) | BZ41: 当月請求額 | CL41: (税抜)
A43: 住所 | E43: =IF(貴社情報!$I$7="","",貴社情報!$I$7) | AW43: 取引先コード | BG43: =貴社情報!I5 -> 0 | CR43: =IF(AO88="","",AO88)
BZ46: 消費税額 | CL46: =IF(AE91="","",AE91)
A47: 社名 | E47: =IF(貴社情報!$I$8="","",貴社情報!$I$8) | AW47: 工事コード | BG47: =IF($EG$9=3,IF($CA$12="","",$CA$12),IF($S$12="","",$S$12)) | BN47: － | BP47: =IF($EG$9=3,IF($CO$12="","",$CO$12),IF($AE$12="","",$AE$12)) -> 00
CR48: =IF(AO91="","",AO91) -> 0
D50: 1 | F50: 1
AW51: 請求No. | BG51: =S8 -> 0 | BZ51: 当月請求額 | CL51: (税込)
A52: TEL | E52: =IF(貴社情報!$I$9="","",貴社情報!$I$9) | P52: FAX | S52: =IF(貴社情報!$I$10="","",貴社情報!$I$10) | AF52: 担当 | AI52: =IF(貴社情報!$I$11="","",貴社情報!$I$11)
CR53: =IF(AO94="","",AO94)
AW55: 登録番号 | BG55: =IF(貴社情報!$I$12="","",貴社情報!$I$12)
BZ56: 原価コード | DF56: －
A57: 許可番号 | G57: =IF(貴社情報!$C$19=2,"",貴社情報!$I$14&貴社情報!$L$14&貴社情報!$N$14&貴社情報!$O$14&貴社情報!$P$14&貴社情報!$Q$14&貴社情報!$S$14&貴社情報!$W$14) -> 許可 （－） 第号 | AA57: 有効年月日 | AI57: =IF(貴社情報!$C$19=2,"",IF(貴社情報!$I$15="","",貴社情報!$I$15))
AV59: 立替金 | AY59: 立替先（引く会社名） | CB59: 立替金(税抜) | CN59: 税率 | CR59: 消費税 | DA59: 立替金(税込)
A60: 許可工種（ | H60: =IF(貴社情報!$C$19=2,"許可なし",貴社情報!$AL$19) | AS60: ）
A63: 工事 名称 | E63: =IF($EG$9=3,IF($CA$13="","",$CA$13),IF($S$13="","",$S$13))
A70: 作 業 日 | G70: 請 求 内 訳 | Z70: 数 量 | AF70: 単位 | AI70: 単 価 | AO70: 金 額 | AY70: 注文年月日 | BK70: =IF($EG$9=3,"",IF($EG$9=5,IF($S$14="","",$S$14),IF($EG$9=4,"",IF(S14="","",$S$14)))) | CB70: 羽衣組記入欄（分割支払の場合)
A73: =IF($EG$9<>3,"",IF($BP$15="","",$BP$15)) | G73: =IF($EG$9=1,"当月出来高",IF($EG$9=2,"精 算",IF($EG$9=4,"未契約内金",IF($EG$9=5,"単価契約",IF($CA$15="","",$CA$15))))) -> 当月出来高 | Z73: =IF($EG$9=3,IF($CW$15="","",IF($DE$15<>"式",TEXT($CW$15,"#,##0.00_);[赤](#,##0.00)"),$CW$15)),1) -> 1 | AF73: =IF($EG$9=3,IF($DE$15="","",$DE$15),"式") -> 式 | AI73: =IF($EG$9=3,IF($DI$15="","",$DI$15),"") | AO73: =IF($EG$9=3,IF($DQ$15="","",$DQ$15),IF($AJ$26="","",$AJ$26)) | AY73: 契約種別 | BE73: 注文番号 | BK73: 契 約 金 額（税 抜） | CB73: 原価コード | CL73: 金 額 | CY73: 税率 | DB73: 消費税
A76: =IF($EG$9<>3,"",IF($BP$16="","",$BP$16)) | G76: =IF($EG$9=3,IF($CA$16="","",$CA$16),"") | Z76: =IF($EG$9=3,IF($CW$16="","",IF($DE$16<>"式",TEXT($CW$16,"#,##0.00_);[赤](#,##0.00)"),$CW$16)),"") | AF76: =IF($EG$9=3,IF($DE$16="","",$DE$16),"") | AI76: =IF($EG$9=3,IF($DI$16="","",$DI$16),"") | AO76: =IF($EG$9=3,IF($DQ$16="","",$DQ$16),"") | AY76: =IF($EG$9=3,"",IF($EG$9=5,"単価契約",IF($EG$9=4,"",IF(S16="","","契約")))) | BE76: =IF($EG$9=3,"",IF($EG$9=5,$S$16,IF($EG$9=4,"",IF(S16="","",$S$16)))) | BK76: =IF($EG$9=3,"",IF($EG$9=5,$AJ$16,IF($EG$9=4,"",IF(AJ16="","",$AJ$16)))) | CI76: -
A79: =IF($EG$9<>3,"",IF($BP$17="","",$BP$17)) | G79: =IF($EG$9=3,IF($CA$17="","",$CA$17),"") | Z79: =IF($EG$9=3,IF($CW$17="","",IF($DE$17<>"式",TEXT($CW$17,"#,##0.00_);[赤](#,##0.00)"),$CW$17)),"") | AF79: =IF($EG$9=3,IF($DE$17="","",$DE$17),"") | AI79: =IF($EG$9=3,IF($DI$17="","",$DI$17),"") | AO79: =IF($EG$9=3,IF($DQ$17="","",$DQ$17),"") | AY79: =IF(OR($EG$9<3,$EG$9>4),IF($S$17="","","変更"),"") | BE79: =IF($EG$9=3,"",IF($EG$9=5,$S$17,IF($EG$9=4,"",IF(S17="","",$S$17)))) | BK79: =IF($EG$9=3,"",IF($EG$9=5,$AJ$17,IF($EG$9=4,"",IF(AJ17="","",$AJ$17)))) | CI79: -
A82: =IF($EG$9<>3,"",IF($BP$18="","",$BP$18)) | G82: =IF($EG$9=3,IF($CA$18="","",$CA$18),"") | Z82: =IF($EG$9=3,IF($CW$18="","",IF($DE$18<>"式",TEXT($CW$18,"#,##0.00_);[赤](#,##0.00)"),$CW$18)),"") | AF82: =IF($EG$9=3,IF($DE$18="","",$DE$18),"") | AI82: =IF($EG$9=3,IF($DI$18="","",$DI$18),"") | AO82: =IF($EG$9=3,IF($DQ$18="","",$DQ$18),"") | AY82: =IF(OR($EG$9<3,$EG$9>4),IF($S$18="","","変更"),"") | BE82: =IF($EG$9=3,"",IF($EG$9=5,$S$18,IF($EG$9=4,"",IF(S18="","",$S$18)))) | BK82: =IF($EG$9=3,"",IF($EG$9=5,$AJ$18,IF($EG$9=4,"",IF(AJ18="","",$AJ$18)))) | CI82: -
A85: =IF($EG$9<>3,"",IF($BP$19="","",$BP$19)) | G85: =IF($EG$9=3,IF($CA$19="","",$CA$19),"") | Z85: =IF($EG$9=3,IF($CW$19="","",IF($DE$19<>"式",TEXT($CW$19,"#,##0.00_);[赤](#,##0.00)"),$CW$19)),"") | AF85: =IF($EG$9=3,IF($DE$19="","",$DE$19),"") | AI85: =IF($EG$9=3,IF($DI$19="","",$DI$19),"") | AO85: =IF($EG$9=3,IF($DQ$19="","",$DQ$19),"") | AZ85: 契約 総計 | BK85: =IF($EG$9=3,"",IF($EG$9=2,$AJ$19,IF($EG$9=4,"",IF(AJ19="","",$AJ$19)))) -> 0 | CI85: -
Z88: 当月請求額 | AI88: (税抜) | AO88: =IF($EG$9=3,IF(DQ20="","",DQ20),IF($AJ$26="","",$AJ$26)) | AZ88: 出来高累計 | BK88: =IF($EG$9=3,"",IF($EG$9=2,$AJ$22,IF($EG$9=5,"",IF(AJ22="","",$AJ$22)))) | CI88: -
Z91: 消費税額 | AI91: =IF($EG$9=3,IF($DL$21="","",$DL$21),IF($AE$27="","",$AE$27)) -> 10 | AO91: =IF($EG$9=3,IF($DQ$21="","",$DQ$21),IF($AJ$27="","",$AJ$27)) -> 0 | AZ91: 支払率 | BF91: =IF($EG$9<>3,IF($AE$23="","",$AE$23),"") -> 90 | BK91: =IF($EG$9=3,"",IF($EG$9=2,$AJ$23,IF($EG$9=5,"",IF(AJ23="","",$AJ$23)))) -> 0 | CI91: -
Z94: 当月請求額 | AI94: (税込) | AO94: =IF($EG$9=3,IF($DQ$22="","",$DQ$22),IF($AJ$28="","",$AJ$28)) | AZ94: 既収金 | BK94: =IF($EG$9<3,IF($AJ$24="",0,$AJ$24),"") -> 0 | CI94: -
A100: ＜お支払に際しての注意事項＞
A101: 1.注文書及び内訳書を添付の場合は２部提出して下さい。 2. 当社の支払日は翌月15日です。 尚、支払日が銀行休業日の場合、翌銀行営業日にお支払します。
A102: 3. 2026年9月15日締より、手形の全面的な利用廃止をいたします。 ４. 支払金額合計より振込手数料を控除します。
A105: 決 裁 | U105: 現場責任者 | AF105: 現場係員 | AQ105: 建築部 | DA105: 入力
A110: 株式会社羽衣組 御中 | AU110: =AU32 | BA110: 請 求 書 | CZ110: （副）現場控
AV114: =AV36
A115: 下記の通り請求致します | BY115: 0. 請求通り 1. 金額修正 2. 未契約内金 3. 単価契約
BY117: 4. 出来高査定 5. 違 算 6. 分割支払 7. 立 替 8. 精 算
A119: 〒 | E119: =IF(貴社情報!$I$6="","",貴社情報!$I$6) | BZ119: 当月請求額 | CL119: (税抜)
A121: 住所 | E121: =IF(貴社情報!$I$7="","",貴社情報!$I$7) | AW121: 取引先コード | BG121: =BG43 -> 0 | CR121: =CR43
BZ124: 消費税額 | CL124: =IF(AE169="","",AE169)
A125: 社名 | E125: =IF(貴社情報!$I$8="","",貴社情報!$I$8) | AW125: 工事コード | BG125: =BG47 | BN125: － | BP125: =BP47 -> 00
CR126: =CR48 -> 0
D128: 1 | F128: 1
AW129: 請求No. | BG129: =BG51 -> 0 | BZ129: 当月請求額 | CL129: (税込)
A130: TEL | E130: =IF(貴社情報!$I$9="","",貴社情報!$I$9) | P130: FAX | S130: =IF(貴社情報!$I$10="","",貴社情報!$I$10) | AF130: 担当 | AI130: =IF(貴社情報!$I$11="","",貴社情報!$I$11)
CR131: =CR53
AW133: 登録番号 | BG133: =BG55
BZ134: 原価コード | DF134: －
A135: 許可番号 | G135: =IF(貴社情報!$C$19=2,"",貴社情報!$I$14&貴社情報!$L$14&貴社情報!$N$14&貴社情報!$O$14&貴社情報!$P$14&貴社情報!$Q$14&貴社情報!$S$14&貴社情報!$W$14) -> 許可 （－） 第号 | AA135: 有効年月日 | AI135: =IF(貴社情報!$C$19=2,"",IF(貴社情報!$I$15="","",貴社情報!$I$15))
AV137: 立替金 | AY137: 立替先（引く会社名） | CB137: 立替金(税抜) | CN137: 税率 | CR137: 消費税 | DA137: 立替金(税込)
A138: 許可工種（ | H138: =IF(貴社情報!$C$19=2,"許可なし",貴社情報!$AL$19) | AS138: ）
A141: 工事 名称 | E141: =IF($EG$9=3,IF($CA$13="","",$CA$13),IF($S$13="","",$S$13))
A148: 作 業 日 | G148: 請 求 内 訳 | Z148: 数 量 | AF148: 単位 | AI148: 単 価 | AO148: 金 額 | AY148: 注文年月日 | BK148: =BK70 | CB148: 羽衣組記入欄（分割支払の場合)
A151: =A73 | G151: =G73 -> 当月出来高 | Z151: =Z73 -> 1 | AF151: =AF73 -> 式 | AI151: =AI73 | AO151: =AO73 | AY151: 契約種別 | BE151: 注文番号 | BK151: 契 約 金 額（税 抜） | CB151: 原価コード | CL151: 金 額 | CY151: 税率 | DB151: 消費税
A154: =A76 | G154: =G76 | Z154: =Z76 | AF154: =AF76 | AI154: =AI76 | AO154: =AO76 | AY154: =AY76 | BE154: =BE76 | BK154: =BK76 | CI154: -
A157: =A79 | G157: =G79 | Z157: =Z79 | AF157: =AF79 | AI157: =AI79 | AO157: =AO79 | AY157: =AY79 | BE157: =BE79 | BK157: =BK79 | CI157: -
A160: =A82 | G160: =G82 | Z160: =Z82 | AF160: =AF82 | AI160: =AI82 | AO160: =AO82 | AY160: =AY82 | BE160: =BE82 | BK160: =BK82 | CI160: -
A163: =A85 | G163: =G85 | Z163: =Z85 | AF163: =AF85 | AI163: =AI85 | AO163: =AO85 | AZ163: 契約 総計 | BK163: =BK85 -> 0 | CI163: -
Z166: 当月請求額 | AI166: (税抜) | AO166: =AO88 | AZ166: 出来高累計 | BK166: =BK88 | CI166: -
Z169: 消費税額 | AI169: =IF($EG$9=3,IF($DL$21="","",$DL$21),IF($AE$27="","",$AE$27)) -> 10 | AO169: =AO91 -> 0 | AZ169: 支払率 | BF169: =IF($EG$9<>3,IF($AE$23="","",$AE$23),"") -> 90 | BK169: =BK91 -> 0 | CI169: -
Z172: 当月請求額 | AI172: (税込) | AO172: =AO94 | AZ172: 既収金 | BK172: =BK94 -> 0 | CI172: -
A178: ＜お支払に際しての注意事項＞
A179: 1. 注文書及び内訳書を添付の場合は２部提出して下さい。 2. 当社の支払日は翌月15日です。 尚、支払日が銀行休業日の場合、翌銀行営業日にお支払します。
A180: 3. 2026年9月15日締より、手形の全面的な利用廃止をいたします。 ４. 支払金額合計より振込手数料を控除します。
A188: 株式会社羽衣組 御中 | AU188: =AU110 | BA188: 請 求 書 | CZ188: 協力会社控
AV192: =AV114
A193: 下記の通り請求致します
BZ195: ＜お支払に際しての注意事項＞
A196: 〒 | E196: =IF(貴社情報!$I$6="","",貴社情報!$I$6)
A198: 住所 | E198: =IF(貴社情報!$I$7="","",貴社情報!$I$7) | AW198: 取引先コード | BG198: =BG121 -> 0 | BY198: 1.注文書及び内訳書を添付の場合は２部提出して下さい。
BY200: 2. 当社の支払日は翌月15日です。 尚、支払日が銀行休業日の場合、翌銀行営業日にお支払します。
A202: 社名 | E202: =IF(貴社情報!$I$8="","",貴社情報!$I$8) | AW202: 工事コード | BG202: =BG125 | BN202: － | BP202: =BP125 -> 00
BY204: 3. 2026年9月15日締より、手形の全面的な利用廃止をいたします。
AW206: 請求No. | BG206: =BG129 -> 0 | BY206: 4. 支払金額合計より振込手数料を控除します。
A207: TEL | E207: =IF(貴社情報!$I$9="","",貴社情報!$I$9) | P207: FAX | S207: =IF(貴社情報!$I$10="","",貴社情報!$I$10) | AF207: 担当 | AI207: =IF(貴社情報!$I$11="","",貴社情報!$I$11)
AW210: 登録番号 | BG210: =BG133
A212: 許可番号 | G212: =IF(貴社情報!$C$19=2,"",貴社情報!$I$14&貴社情報!$L$14&貴社情報!$N$14&貴社情報!$O$14&貴社情報!$P$14&貴社情報!$Q$14&貴社情報!$S$14&貴社情報!$W$14) -> 許可 （－） 第号 | AA212: 有効年月日 | AI212: =IF(貴社情報!$C$19=2,"",IF(貴社情報!$I$15="","",貴社情報!$I$15))
...

Sheet 請求書 (2)
B2: 以下の項目（緑色の箇所） | W2: を入力して下さい。（入力内容が請求書に反映されます。） 印刷すると、請求書が３枚出力されますので、２枚（（正）本社提出、（副）現場控）を提出して下さい。
B3: (オレンジ色の箇所) | W3: は任意入力です。
C6: 【請求内容 ①】
C7: 請求締日の日付
C8: 請求No (任意）
C9: 請 求 種 別 | EG9: 1 | EI9: 1
C11: 【契約内容】 ※注文書の記載内容を入力して下さい。 | BP11: 【請求内容 ②】
C12: 工 事 コード | AC12: - | AE12: 00 | BP12: 工事コード | CM12: － | CO12: 00
C13: 工 事 名 称 | BP13: 工事名称
C14: 注 文 年 月 日 | BP14: 作業日(期間) | CA14: 請求内訳 | CW14: 数量 | DE14: 単位 | DI14: 単価 | DQ14: 金額
S15: 注文番号 | AJ15: 契約金額（税抜） | DQ15: =IF(DI15="","",ROUNDDOWN(CW15*DI15,0))
C16: 契 約 | DQ16: =IF(DI16="","",ROUNDDOWN(CW16*DI16,0))
C17: 変更(増 減)契約 | DQ17: =IF(DI17="","",ROUNDDOWN(CW17*DI17,0))
C18: 変更(増 減)契約 | DQ18: =IF(DI18="","",ROUNDDOWN(CW18*DI18,0))
C19: 契 約 総 計 | AJ19: =IF($EG$9=5,"単価契約",SUM(AJ16:AZ18)) -> 0 | DQ19: =IF(DI19="","",ROUNDDOWN(CW19*DI19,0))
CT20: 当月請求額 | DI20: (税抜) | DQ20: =SUM(IF(DI15="",DQ15,ROUNDDOWN(CW15*DI15,0)),IF(DI16="",DQ16,ROUNDDOWN(CW16*DI16,0)),IF(DI17="",DQ17,ROUNDDOWN(CW17*DI17,0)),IF(DI18="",DQ18,ROUNDDOWN(CW18*DI18,0)),IF(DI19="",DQ19,ROUNDDOWN(CW19*DI19,0))) -> 0
C21: 【請求内容 ②】 | CT21: 消費税額 | DL21: 10 | DO21: ％ | DQ21: =IF(DQ20="","0",ROUNDDOWN(DQ20*DL21/100,0)) -> 0
D22: =IF($EG$9=5,"当月出来高(単価契約)","出来高累計") -> 出来高累計 | CT22: 当月請求額 | DI22: (税込) | DQ22: =IF(DQ20="","",DQ20+DQ21) -> 0
D23: =IF($EG$9=5,"支払率","支払率") -> 支払率 | AE23: =IF($EG$9=1,90,IF($EG$9=4,80,100)) -> 90 | AH23: ％ | AJ23: =IF(AJ22="","0",ROUNDDOWN(AE23*AJ22/100,0)) -> 0 | BA23: ①
D24: =IF($EG$9=5,"","既収金") -> 既収金 | BA24: ②
D25: 当月請求額 (税抜) | AJ25: =IF($EG$9=5,AJ23,IF($EG$9=4,AJ23,(AJ23-AJ24))) -> 0 | BA25: ① - ②
D26: 改 め 計 ( 税 抜 )
D27: 消 費 税 額 | Z27: 税率 | AE27: 10 | AH27: ％ | AJ27: =IF(AJ26="","0",ROUNDDOWN(AJ26*AE27/100,0)) -> 0
D28: 当月請求額 (税込) | AJ28: =IF(AJ26="","",AJ26+AJ27)
A32: 株式会社羽衣組 御中 | AU32: =IFERROR(VLOOKUP(VALUE(BG43&BI43&BK43&BM43&#REF!&#REF!),#REF!,2,FALSE),"") | BA32: 請 求 書 | CZ32: （正）本社提出
AV36: =IF(S7="","",S7)
A37: 下記の通り請求致します | BY37: 0. 請求通り 1. 金額修正 2. 未契約内金 3. 単価契約
BY39: 4. 出来高査定 5. 違 算 6. 分割支払 7. 立 替 8. 精 算
A41: 〒 | E41: =IF(貴社情報!$I$6="","",貴社情報!$I$6) | BZ41: 当月請求額 | CL41: (税抜)
A43: 住所 | E43: =IF(貴社情報!$I$7="","",貴社情報!$I$7) | AW43: 取引先コード | BG43: =貴社情報!I5 -> 0 | CR43: =IF(AO88="","",AO88)
BZ46: 消費税額 | CL46: =IF(AE91="","",AE91)
A47: 社名 | E47: =IF(貴社情報!$I$8="","",貴社情報!$I$8) | AW47: 工事コード | BG47: =IF($EG$9=3,IF($CA$12="","",$CA$12),IF($S$12="","",$S$12)) | BN47: － | BP47: =IF($EG$9=3,IF($CO$12="","",$CO$12),IF($AE$12="","",$AE$12)) -> 00
CR48: =IF(AO91="","",AO91) -> 0
D50: 1 | F50: 1
AW51: 請求No. | BG51: =S8 -> 0 | BZ51: 当月請求額 | CL51: (税込)
A52: TEL | E52: =IF(貴社情報!$I$9="","",貴社情報!$I$9) | P52: FAX | S52: =IF(貴社情報!$I$10="","",貴社情報!$I$10) | AF52: 担当 | AI52: =IF(貴社情報!$I$11="","",貴社情報!$I$11)
CR53: =IF(AO94="","",AO94)
AW55: 登録番号 | BG55: =IF(貴社情報!$I$12="","",貴社情報!$I$12)
BZ56: 原価コード | DF56: －
A57: 許可番号 | G57: =IF(貴社情報!$C$19=2,"",貴社情報!$I$14&貴社情報!$L$14&貴社情報!$N$14&貴社情報!$O$14&貴社情報!$P$14&貴社情報!$Q$14&貴社情報!$S$14&貴社情報!$W$14) -> 許可 （－） 第号 | AA57: 有効年月日 | AI57: =IF(貴社情報!$C$19=2,"",IF(貴社情報!$I$15="","",貴社情報!$I$15))
AV59: 立替金 | AY59: 立替先（引く会社名） | CB59: 立替金(税抜) | CN59: 税率 | CR59: 消費税 | DA59: 立替金(税込)
A60: 許可工種（ | H60: =IF(貴社情報!$C$19=2,"許可なし",貴社情報!$AL$19) | AS60: ）
A63: 工事 名称 | E63: =IF($EG$9=3,IF($CA$13="","",$CA$13),IF($S$13="","",$S$13))
A70: 作 業 日 | G70: 請 求 内 訳 | Z70: 数 量 | AF70: 単位 | AI70: 単 価 | AO70: 金 額 | AY70: 注文年月日 | BK70: =IF($EG$9=3,"",IF($EG$9=5,IF($S$14="","",$S$14),IF($EG$9=4,"",IF(S14="","",$S$14)))) | CB70: 羽衣組記入欄（分割支払の場合)
A73: =IF($EG$9<>3,"",IF($BP$15="","",$BP$15)) | G73: =IF($EG$9=1,"当月出来高",IF($EG$9=2,"精 算",IF($EG$9=4,"未契約内金",IF($EG$9=5,"単価契約",IF($CA$15="","",$CA$15))))) -> 当月出来高 | Z73: =IF($EG$9=3,IF($CW$15="","",IF($DE$15<>"式",TEXT($CW$15,"#,##0.00_);[赤](#,##0.00)"),$CW$15)),1) -> 1 | AF73: =IF($EG$9=3,IF($DE$15="","",$DE$15),"式") -> 式 | AI73: =IF($EG$9=3,IF($DI$15="","",$DI$15),"") | AO73: =IF($EG$9=3,IF($DQ$15="","",$DQ$15),IF($AJ$26="","",$AJ$26)) | AY73: 契約種別 | BE73: 注文番号 | BK73: 契 約 金 額（税 抜） | CB73: 原価コード | CL73: 金 額 | CY73: 税率 | DB73: 消費税
A76: =IF($EG$9<>3,"",IF($BP$16="","",$BP$16)) | G76: =IF($EG$9=3,IF($CA$16="","",$CA$16),"") | Z76: =IF($EG$9=3,IF($CW$16="","",IF($DE$16<>"式",TEXT($CW$16,"#,##0.00_);[赤](#,##0.00)"),$CW$16)),"") | AF76: =IF($EG$9=3,IF($DE$16="","",$DE$16),"") | AI76: =IF($EG$9=3,IF($DI$16="","",$DI$16),"") | AO76: =IF($EG$9=3,IF($DQ$16="","",$DQ$16),"") | AY76: =IF($EG$9=3,"",IF($EG$9=5,"単価契約",IF($EG$9=4,"",IF(S16="","","契約")))) | BE76: =IF($EG$9=3,"",IF($EG$9=5,$S$16,IF($EG$9=4,"",IF(S16="","",$S$16)))) | BK76: =IF($EG$9=3,"",IF($EG$9=5,$AJ$16,IF($EG$9=4,"",IF(AJ16="","",$AJ$16)))) | CI76: -
A79: =IF($EG$9<>3,"",IF($BP$17="","",$BP$17)) | G79: =IF($EG$9=3,IF($CA$17="","",$CA$17),"") | Z79: =IF($EG$9=3,IF($CW$17="","",IF($DE$17<>"式",TEXT($CW$17,"#,##0.00_);[赤](#,##0.00)"),$CW$17)),"") | AF79: =IF($EG$9=3,IF($DE$17="","",$DE$17),"") | AI79: =IF($EG$9=3,IF($DI$17="","",$DI$17),"") | AO79: =IF($EG$9=3,IF($DQ$17="","",$DQ$17),"") | AY79: =IF(OR($EG$9<3,$EG$9>4),IF($S$17="","","変更"),"") | BE79: =IF($EG$9=3,"",IF($EG$9=5,$S$17,IF($EG$9=4,"",IF(S17="","",$S$17)))) | BK79: =IF($EG$9=3,"",IF($EG$9=5,$AJ$17,IF($EG$9=4,"",IF(AJ17="","",$AJ$17)))) | CI79: -
A82: =IF($EG$9<>3,"",IF($BP$18="","",$BP$18)) | G82: =IF($EG$9=3,IF($CA$18="","",$CA$18),"") | Z82: =IF($EG$9=3,IF($CW$18="","",IF($DE$18<>"式",TEXT($CW$18,"#,##0.00_);[赤](#,##0.00)"),$CW$18)),"") | AF82: =IF($EG$9=3,IF($DE$18="","",$DE$18),"") | AI82: =IF($EG$9=3,IF($DI$18="","",$DI$18),"") | AO82: =IF($EG$9=3,IF($DQ$18="","",$DQ$18),"") | AY82: =IF(OR($EG$9<3,$EG$9>4),IF($S$18="","","変更"),"") | BE82: =IF($EG$9=3,"",IF($EG$9=5,$S$18,IF($EG$9=4,"",IF(S18="","",$S$18)))) | BK82: =IF($EG$9=3,"",IF($EG$9=5,$AJ$18,IF($EG$9=4,"",IF(AJ18="","",$AJ$18)))) | CI82: -
A85: =IF($EG$9<>3,"",IF($BP$19="","",$BP$19)) | G85: =IF($EG$9=3,IF($CA$19="","",$CA$19),"") | Z85: =IF($EG$9=3,IF($CW$19="","",IF($DE$19<>"式",TEXT($CW$19,"#,##0.00_);[赤](#,##0.00)"),$CW$19)),"") | AF85: =IF($EG$9=3,IF($DE$19="","",$DE$19),"") | AI85: =IF($EG$9=3,IF($DI$19="","",$DI$19),"") | AO85: =IF($EG$9=3,IF($DQ$19="","",$DQ$19),"") | AZ85: 契約 総計 | BK85: =IF($EG$9=3,"",IF($EG$9=2,$AJ$19,IF($EG$9=4,"",IF(AJ19="","",$AJ$19)))) -> 0 | CI85: -
Z88: 当月請求額 | AI88: (税抜) | AO88: =IF($EG$9=3,IF(DQ20="","",DQ20),IF($AJ$26="","",$AJ$26)) | AZ88: 出来高累計 | BK88: =IF($EG$9=3,"",IF($EG$9=2,$AJ$22,IF($EG$9=5,"",IF(AJ22="","",$AJ$22)))) | CI88: -
Z91: 消費税額 | AI91: =IF($EG$9=3,IF($DL$21="","",$DL$21),IF($AE$27="","",$AE$27)) -> 10 | AO91: =IF($EG$9=3,IF($DQ$21="","",$DQ$21),IF($AJ$27="","",$AJ$27)) -> 0 | AZ91: 支払率 | BF91: =IF($EG$9<>3,IF($AE$23="","",$AE$23),"") -> 90 | BK91: =IF($EG$9=3,"",IF($EG$9=2,$AJ$23,IF($EG$9=5,"",IF(AJ23="","",$AJ$23)))) -> 0 | CI91: -
Z94: 当月請求額 | AI94: (税込) | AO94: =IF($EG$9=3,IF($DQ$22="","",$DQ$22),IF($AJ$28="","",$AJ$28)) | AZ94: 既収金 | BK94: =IF($EG$9<3,IF($AJ$24="",0,$AJ$24),"") -> 0 | CI94: -
A100: ＜お支払に際しての注意事項＞
A101: 1.注文書及び内訳書を添付の場合は２部提出して下さい。 2. 当社の支払日は翌月15日です。 尚、支払日が銀行休業日の場合、翌銀行営業日にお支払します。
A102: 3. 2026年9月15日締より、手形の全面的な利用廃止をいたします。 ４. 支払金額合計より振込手数料を控除します。
A105: 決 裁 | U105: 現場責任者 | AF105: 現場係員 | AQ105: 建築部 | DA105: 入力
A110: 株式会社羽衣組 御中 | AU110: =AU32 | BA110: 請 求 書 | CZ110: （副）現場控
AV114: =AV36
A115: 下記の通り請求致します | BY115: 0. 請求通り 1. 金額修正 2. 未契約内金 3. 単価契約
BY117: 4. 出来高査定 5. 違 算 6. 分割支払 7. 立 替 8. 精 算
A119: 〒 | E119: =IF(貴社情報!$I$6="","",貴社情報!$I$6) | BZ119: 当月請求額 | CL119: (税抜)
A121: 住所 | E121: =IF(貴社情報!$I$7="","",貴社情報!$I$7) | AW121: 取引先コード | BG121: =BG43 -> 0 | CR121: =CR43
BZ124: 消費税額 | CL124: =IF(AE169="","",AE169)
A125: 社名 | E125: =IF(貴社情報!$I$8="","",貴社情報!$I$8) | AW125: 工事コード | BG125: =BG47 | BN125: － | BP125: =BP47 -> 00
CR126: =CR48 -> 0
D128: 1 | F128: 1
AW129: 請求No. | BG129: =BG51 -> 0 | BZ129: 当月請求額 | CL129: (税込)
A130: TEL | E130: =IF(貴社情報!$I$9="","",貴社情報!$I$9) | P130: FAX | S130: =IF(貴社情報!$I$10="","",貴社情報!$I$10) | AF130: 担当 | AI130: =IF(貴社情報!$I$11="","",貴社情報!$I$11)
CR131: =CR53
AW133: 登録番号 | BG133: =BG55
BZ134: 原価コード | DF134: －
A135: 許可番号 | G135: =IF(貴社情報!$C$19=2,"",貴社情報!$I$14&貴社情報!$L$14&貴社情報!$N$14&貴社情報!$O$14&貴社情報!$P$14&貴社情報!$Q$14&貴社情報!$S$14&貴社情報!$W$14) -> 許可 （－） 第号 | AA135: 有効年月日 | AI135: =IF(貴社情報!$C$19=2,"",IF(貴社情報!$I$15="","",貴社情報!$I$15))
AV137: 立替金 | AY137: 立替先（引く会社名） | CB137: 立替金(税抜) | CN137: 税率 | CR137: 消費税 | DA137: 立替金(税込)
A138: 許可工種（ | H138: =IF(貴社情報!$C$19=2,"許可なし",貴社情報!$AL$19) | AS138: ）
A141: 工事 名称 | E141: =IF($EG$9=3,IF($CA$13="","",$CA$13),IF($S$13="","",$S$13))
A148: 作 業 日 | G148: 請 求 内 訳 | Z148: 数 量 | AF148: 単位 | AI148: 単 価 | AO148: 金 額 | AY148: 注文年月日 | BK148: =BK70 | CB148: 羽衣組記入欄（分割支払の場合)
A151: =A73 | G151: =G73 -> 当月出来高 | Z151: =Z73 -> 1 | AF151: =AF73 -> 式 | AI151: =AI73 | AO151: =AO73 | AY151: 契約種別 | BE151: 注文番号 | BK151: 契 約 金 額（税 抜） | CB151: 原価コード | CL151: 金 額 | CY151: 税率 | DB151: 消費税
A154: =A76 | G154: =G76 | Z154: =Z76 | AF154: =AF76 | AI154: =AI76 | AO154: =AO76 | AY154: =AY76 | BE154: =BE76 | BK154: =BK76 | CI154: -
A157: =A79 | G157: =G79 | Z157: =Z79 | AF157: =AF79 | AI157: =AI79 | AO157: =AO79 | AY157: =AY79 | BE157: =BE79 | BK157: =BK79 | CI157: -
A160: =A82 | G160: =G82 | Z160: =Z82 | AF160: =AF82 | AI160: =AI82 | AO160: =AO82 | AY160: =AY82 | BE160: =BE82 | BK160: =BK82 | CI160: -
A163: =A85 | G163: =G85 | Z163: =Z85 | AF163: =AF85 | AI163: =AI85 | AO163: =AO85 | AZ163: 契約 総計 | BK163: =BK85 -> 0 | CI163: -
Z166: 当月請求額 | AI166: (税抜) | AO166: =AO88 | AZ166: 出来高累計 | BK166: =BK88 | CI166: -
Z169: 消費税額 | AI169: =IF($EG$9=3,IF($DL$21="","",$DL$21),IF($AE$27="","",$AE$27)) -> 10 | AO169: =AO91 -> 0 | AZ169: 支払率 | BF169: =IF($EG$9<>3,IF($AE$23="","",$AE$23),"") -> 90 | BK169: =BK91 -> 0 | CI169: -
Z172: 当月請求額 | AI172: (税込) | AO172: =AO94 | AZ172: 既収金 | BK172: =BK94 -> 0 | CI172: -
A178: ＜お支払に際しての注意事項＞
A179: 1. 注文書及び内訳書を添付の場合は２部提出して下さい。 2. 当社の支払日は翌月15日です。 尚、支払日が銀行休業日の場合、翌銀行営業日にお支払します。
A180: 3. 2026年9月15日締より、手形の全面的な利用廃止をいたします。 ４. 支払金額合計より振込手数料を控除します。
A188: 株式会社羽衣組 御中 | AU188: =AU110 | BA188: 請 求 書 | CZ188: 協力会社控
AV192: =AV114
A193: 下記の通り請求致します
BZ195: ＜お支払に際しての注意事項＞
A196: 〒 | E196: =IF(貴社情報!$I$6="","",貴社情報!$I$6)
A198: 住所 | E198: =IF(貴社情報!$I$7="","",貴社情報!$I$7) | AW198: 取引先コード | BG198: =BG121 -> 0 | BY198: 1.注文書及び内訳書を添付の場合は２部提出して下さい。
BY200: 2. 当社の支払日は翌月15日です。 尚、支払日が銀行休業日の場合、翌銀行営業日にお支払します。
A202: 社名 | E202: =IF(貴社情報!$I$8="","",貴社情報!$I$8) | AW202: 工事コード | BG202: =BG125 | BN202: － | BP202: =BP125 -> 00
BY204: 3. 2026年9月15日締より、手形の全面的な利用廃止をいたします。
AW206: 請求No. | BG206: =BG129 -> 0 | BY206: 4. 支払金額合計より振込手数料を控除します。
A207: TEL | E207: =IF(貴社情報!$I$9="","",貴社情報!$I$9) | P207: FAX | S207: =IF(貴社情報!$I$10="","",貴社情報!$I$10) | AF207: 担当 | AI207: =IF(貴社情報!$I$11="","",貴社情報!$I$11)
AW210: 登録番号 | BG210: =BG133
A212: 許可番号 | G212: =IF(貴社情報!$C$19=2,"",貴社情報!$I$14&貴社情報!$L$14&貴社情報!$N$14&貴社情報!$O$14&貴社情報!$P$14&貴社情報!$Q$14&貴社情報!$S$14&貴社情報!$W$14) -> 許可 （－） 第号 | AA212: 有効年月日 | AI212: =IF(貴社情報!$C$19=2,"",IF(貴社情報!$I$15="","",貴社情報!$I$15))
...

Sheet 請求書 (3)
B2: 以下の項目（緑色の箇所） | W2: を入力して下さい。（入力内容が請求書に反映されます。） 印刷すると、請求書が３枚出力されますので、２枚（（正）本社提出、（副）現場控）を提出して下さい。
B3: (オレンジ色の箇所) | W3: は任意入力です。
C6: 【請求内容 ①】
C7: 請求締日の日付
C8: 請求No (任意）
C9: 請 求 種 別 | EG9: 1 | EI9: 1
C11: 【契約内容】 ※注文書の記載内容を入力して下さい。 | BP11: 【請求内容 ②】
C12: 工 事 コード | AC12: - | AE12: 00 | BP12: 工事コード | CM12: － | CO12: 00
C13: 工 事 名 称 | BP13: 工事名称
C14: 注 文 年 月 日 | BP14: 作業日(期間) | CA14: 請求内訳 | CW14: 数量 | DE14: 単位 | DI14: 単価 | DQ14: 金額
S15: 注文番号 | AJ15: 契約金額（税抜） | DQ15: =IF(DI15="","",ROUNDDOWN(CW15*DI15,0))
C16: 契 約 | DQ16: =IF(DI16="","",ROUNDDOWN(CW16*DI16,0))
C17: 変更(増 減)契約 | DQ17: =IF(DI17="","",ROUNDDOWN(CW17*DI17,0))
C18: 変更(増 減)契約 | DQ18: =IF(DI18="","",ROUNDDOWN(CW18*DI18,0))
C19: 契 約 総 計 | AJ19: =IF($EG$9=5,"単価契約",SUM(AJ16:AZ18)) -> 0 | DQ19: =IF(DI19="","",ROUNDDOWN(CW19*DI19,0))
CT20: 当月請求額 | DI20: (税抜) | DQ20: =SUM(IF(DI15="",DQ15,ROUNDDOWN(CW15*DI15,0)),IF(DI16="",DQ16,ROUNDDOWN(CW16*DI16,0)),IF(DI17="",DQ17,ROUNDDOWN(CW17*DI17,0)),IF(DI18="",DQ18,ROUNDDOWN(CW18*DI18,0)),IF(DI19="",DQ19,ROUNDDOWN(CW19*DI19,0))) -> 0
C21: 【請求内容 ②】 | CT21: 消費税額 | DL21: 10 | DO21: ％ | DQ21: =IF(DQ20="","0",ROUNDDOWN(DQ20*DL21/100,0)) -> 0
D22: =IF($EG$9=5,"当月出来高(単価契約)","出来高累計") -> 出来高累計 | CT22: 当月請求額 | DI22: (税込) | DQ22: =IF(DQ20="","",DQ20+DQ21) -> 0
D23: =IF($EG$9=5,"支払率","支払率") -> 支払率 | AE23: =IF($EG$9=1,90,IF($EG$9=4,80,100)) -> 90 | AH23: ％ | AJ23: =IF(AJ22="","0",ROUNDDOWN(AE23*AJ22/100,0)) -> 0 | BA23: ①
D24: =IF($EG$9=5,"","既収金") -> 既収金 | BA24: ②
D25: 当月請求額 (税抜) | AJ25: =IF($EG$9=5,AJ23,IF($EG$9=4,AJ23,(AJ23-AJ24))) -> 0 | BA25: ① - ②
D26: 改 め 計 ( 税 抜 )
D27: 消 費 税 額 | Z27: 税率 | AE27: 10 | AH27: ％ | AJ27: =IF(AJ26="","0",ROUNDDOWN(AJ26*AE27/100,0)) -> 0
D28: 当月請求額 (税込) | AJ28: =IF(AJ26="","",AJ26+AJ27)
A32: 株式会社羽衣組 御中 | AU32: =IFERROR(VLOOKUP(VALUE(BG43&BI43&BK43&BM43&#REF!&#REF!),#REF!,2,FALSE),"") | BA32: 請 求 書 | CZ32: （正）本社提出
AV36: =IF(S7="","",S7)
A37: 下記の通り請求致します | BY37: 0. 請求通り 1. 金額修正 2. 未契約内金 3. 単価契約
BY39: 4. 出来高査定 5. 違 算 6. 分割支払 7. 立 替 8. 精 算
A41: 〒 | E41: =IF(貴社情報!$I$6="","",貴社情報!$I$6) | BZ41: 当月請求額 | CL41: (税抜)
A43: 住所 | E43: =IF(貴社情報!$I$7="","",貴社情報!$I$7) | AW43: 取引先コード | BG43: =貴社情報!I5 -> 0 | CR43: =IF(AO88="","",AO88)
BZ46: 消費税額 | CL46: =IF(AE91="","",AE91)
A47: 社名 | E47: =IF(貴社情報!$I$8="","",貴社情報!$I$8) | AW47: 工事コード | BG47: =IF($EG$9=3,IF($CA$12="","",$CA$12),IF($S$12="","",$S$12)) | BN47: － | BP47: =IF($EG$9=3,IF($CO$12="","",$CO$12),IF($AE$12="","",$AE$12)) -> 00
CR48: =IF(AO91="","",AO91) -> 0
D50: 1 | F50: 1
AW51: 請求No. | BG51: =S8 -> 0 | BZ51: 当月請求額 | CL51: (税込)
A52: TEL | E52: =IF(貴社情報!$I$9="","",貴社情報!$I$9) | P52: FAX | S52: =IF(貴社情報!$I$10="","",貴社情報!$I$10) | AF52: 担当 | AI52: =IF(貴社情報!$I$11="","",貴社情報!$I$11)
CR53: =IF(AO94="","",AO94)
AW55: 登録番号 | BG55: =IF(貴社情報!$I$12="","",貴社情報!$I$12)
BZ56: 原価コード | DF56: －
A57: 許可番号 | G57: =IF(貴社情報!$C$19=2,"",貴社情報!$I$14&貴社情報!$L$14&貴社情報!$N$14&貴社情報!$O$14&貴社情報!$P$14&貴社情報!$Q$14&貴社情報!$S$14&貴社情報!$W$14) -> 許可 （－） 第号 | AA57: 有効年月日 | AI57: =IF(貴社情報!$C$19=2,"",IF(貴社情報!$I$15="","",貴社情報!$I$15))
AV59: 立替金 | AY59: 立替先（引く会社名） | CB59: 立替金(税抜) | CN59: 税率 | CR59: 消費税 | DA59: 立替金(税込)
A60: 許可工種（ | H60: =IF(貴社情報!$C$19=2,"許可なし",貴社情報!$AL$19) | AS60: ）
A63: 工事 名称 | E63: =IF($EG$9=3,IF($CA$13="","",$CA$13),IF($S$13="","",$S$13))
A70: 作 業 日 | G70: 請 求 内 訳 | Z70: 数 量 | AF70: 単位 | AI70: 単 価 | AO70: 金 額 | AY70: 注文年月日 | BK70: =IF($EG$9=3,"",IF($EG$9=5,IF($S$14="","",$S$14),IF($EG$9=4,"",IF(S14="","",$S$14)))) | CB70: 羽衣組記入欄（分割支払の場合)
A73: =IF($EG$9<>3,"",IF($BP$15="","",$BP$15)) | G73: =IF($EG$9=1,"当月出来高",IF($EG$9=2,"精 算",IF($EG$9=4,"未契約内金",IF($EG$9=5,"単価契約",IF($CA$15="","",$CA$15))))) -> 当月出来高 | Z73: =IF($EG$9=3,IF($CW$15="","",IF($DE$15<>"式",TEXT($CW$15,"#,##0.00_);[赤](#,##0.00)"),$CW$15)),1) -> 1 | AF73: =IF($EG$9=3,IF($DE$15="","",$DE$15),"式") -> 式 | AI73: =IF($EG$9=3,IF($DI$15="","",$DI$15),"") | AO73: =IF($EG$9=3,IF($DQ$15="","",$DQ$15),IF($AJ$26="","",$AJ$26)) | AY73: 契約種別 | BE73: 注文番号 | BK73: 契 約 金 額（税 抜） | CB73: 原価コード | CL73: 金 額 | CY73: 税率 | DB73: 消費税
A76: =IF($EG$9<>3,"",IF($BP$16="","",$BP$16)) | G76: =IF($EG$9=3,IF($CA$16="","",$CA$16),"") | Z76: =IF($EG$9=3,IF($CW$16="","",IF($DE$16<>"式",TEXT($CW$16,"#,##0.00_);[赤](#,##0.00)"),$CW$16)),"") | AF76: =IF($EG$9=3,IF($DE$16="","",$DE$16),"") | AI76: =IF($EG$9=3,IF($DI$16="","",$DI$16),"") | AO76: =IF($EG$9=3,IF($DQ$16="","",$DQ$16),"") | AY76: =IF($EG$9=3,"",IF($EG$9=5,"単価契約",IF($EG$9=4,"",IF(S16="","","契約")))) | BE76: =IF($EG$9=3,"",IF($EG$9=5,$S$16,IF($EG$9=4,"",IF(S16="","",$S$16)))) | BK76: =IF($EG$9=3,"",IF($EG$9=5,$AJ$16,IF($EG$9=4,"",IF(AJ16="","",$AJ$16)))) | CI76: -
A79: =IF($EG$9<>3,"",IF($BP$17="","",$BP$17)) | G79: =IF($EG$9=3,IF($CA$17="","",$CA$17),"") | Z79: =IF($EG$9=3,IF($CW$17="","",IF($DE$17<>"式",TEXT($CW$17,"#,##0.00_);[赤](#,##0.00)"),$CW$17)),"") | AF79: =IF($EG$9=3,IF($DE$17="","",$DE$17),"") | AI79: =IF($EG$9=3,IF($DI$17="","",$DI$17),"") | AO79: =IF($EG$9=3,IF($DQ$17="","",$DQ$17),"") | AY79: =IF(OR($EG$9<3,$EG$9>4),IF($S$17="","","変更"),"") | BE79: =IF($EG$9=3,"",IF($EG$9=5,$S$17,IF($EG$9=4,"",IF(S17="","",$S$17)))) | BK79: =IF($EG$9=3,"",IF($EG$9=5,$AJ$17,IF($EG$9=4,"",IF(AJ17="","",$AJ$17)))) | CI79: -
A82: =IF($EG$9<>3,"",IF($BP$18="","",$BP$18)) | G82: =IF($EG$9=3,IF($CA$18="","",$CA$18),"") | Z82: =IF($EG$9=3,IF($CW$18="","",IF($DE$18<>"式",TEXT($CW$18,"#,##0.00_);[赤](#,##0.00)"),$CW$18)),"") | AF82: =IF($EG$9=3,IF($DE$18="","",$DE$18),"") | AI82: =IF($EG$9=3,IF($DI$18="","",$DI$18),"") | AO82: =IF($EG$9=3,IF($DQ$18="","",$DQ$18),"") | AY82: =IF(OR($EG$9<3,$EG$9>4),IF($S$18="","","変更"),"") | BE82: =IF($EG$9=3,"",IF($EG$9=5,$S$18,IF($EG$9=4,"",IF(S18="","",$S$18)))) | BK82: =IF($EG$9=3,"",IF($EG$9=5,$AJ$18,IF($EG$9=4,"",IF(AJ18="","",$AJ$18)))) | CI82: -
A85: =IF($EG$9<>3,"",IF($BP$19="","",$BP$19)) | G85: =IF($EG$9=3,IF($CA$19="","",$CA$19),"") | Z85: =IF($EG$9=3,IF($CW$19="","",IF($DE$19<>"式",TEXT($CW$19,"#,##0.00_);[赤](#,##0.00)"),$CW$19)),"") | AF85: =IF($EG$9=3,IF($DE$19="","",$DE$19),"") | AI85: =IF($EG$9=3,IF($DI$19="","",$DI$19),"") | AO85: =IF($EG$9=3,IF($DQ$19="","",$DQ$19),"") | AZ85: 契約 総計 | BK85: =IF($EG$9=3,"",IF($EG$9=2,$AJ$19,IF($EG$9=4,"",IF(AJ19="","",$AJ$19)))) -> 0 | CI85: -
Z88: 当月請求額 | AI88: (税抜) | AO88: =IF($EG$9=3,IF(DQ20="","",DQ20),IF($AJ$26="","",$AJ$26)) | AZ88: 出来高累計 | BK88: =IF($EG$9=3,"",IF($EG$9=2,$AJ$22,IF($EG$9=5,"",IF(AJ22="","",$AJ$22)))) | CI88: -
Z91: 消費税額 | AI91: =IF($EG$9=3,IF($DL$21="","",$DL$21),IF($AE$27="","",$AE$27)) -> 10 | AO91: =IF($EG$9=3,IF($DQ$21="","",$DQ$21),IF($AJ$27="","",$AJ$27)) -> 0 | AZ91: 支払率 | BF91: =IF($EG$9<>3,IF($AE$23="","",$AE$23),"") -> 90 | BK91: =IF($EG$9=3,"",IF($EG$9=2,$AJ$23,IF($EG$9=5,"",IF(AJ23="","",$AJ$23)))) -> 0 | CI91: -
Z94: 当月請求額 | AI94: (税込) | AO94: =IF($EG$9=3,IF($DQ$22="","",$DQ$22),IF($AJ$28="","",$AJ$28)) | AZ94: 既収金 | BK94: =IF($EG$9<3,IF($AJ$24="",0,$AJ$24),"") -> 0 | CI94: -
A100: ＜お支払に際しての注意事項＞
A101: 1.注文書及び内訳書を添付の場合は２部提出して下さい。 2. 当社の支払日は翌月15日です。 尚、支払日が銀行休業日の場合、翌銀行営業日にお支払します。
A102: 3. 2026年9月15日締より、手形の全面的な利用廃止をいたします。 ４. 支払金額合計より振込手数料を控除します。
A105: 決 裁 | U105: 現場責任者 | AF105: 現場係員 | AQ105: 建築部 | DA105: 入力
A110: 株式会社羽衣組 御中 | AU110: =AU32 | BA110: 請 求 書 | CZ110: （副）現場控
AV114: =AV36
A115: 下記の通り請求致します | BY115: 0. 請求通り 1. 金額修正 2. 未契約内金 3. 単価契約
BY117: 4. 出来高査定 5. 違 算 6. 分割支払 7. 立 替 8. 精 算
A119: 〒 | E119: =IF(貴社情報!$I$6="","",貴社情報!$I$6) | BZ119: 当月請求額 | CL119: (税抜)
A121: 住所 | E121: =IF(貴社情報!$I$7="","",貴社情報!$I$7) | AW121: 取引先コード | BG121: =BG43 -> 0 | CR121: =CR43
BZ124: 消費税額 | CL124: =IF(AE169="","",AE169)
A125: 社名 | E125: =IF(貴社情報!$I$8="","",貴社情報!$I$8) | AW125: 工事コード | BG125: =BG47 | BN125: － | BP125: =BP47 -> 00
CR126: =CR48 -> 0
D128: 1 | F128: 1
AW129: 請求No. | BG129: =BG51 -> 0 | BZ129: 当月請求額 | CL129: (税込)
A130: TEL | E130: =IF(貴社情報!$I$9="","",貴社情報!$I$9) | P130: FAX | S130: =IF(貴社情報!$I$10="","",貴社情報!$I$10) | AF130: 担当 | AI130: =IF(貴社情報!$I$11="","",貴社情報!$I$11)
CR131: =CR53
AW133: 登録番号 | BG133: =BG55
BZ134: 原価コード | DF134: －
A135: 許可番号 | G135: =IF(貴社情報!$C$19=2,"",貴社情報!$I$14&貴社情報!$L$14&貴社情報!$N$14&貴社情報!$O$14&貴社情報!$P$14&貴社情報!$Q$14&貴社情報!$S$14&貴社情報!$W$14) -> 許可 （－） 第号 | AA135: 有効年月日 | AI135: =IF(貴社情報!$C$19=2,"",IF(貴社情報!$I$15="","",貴社情報!$I$15))
AV137: 立替金 | AY137: 立替先（引く会社名） | CB137: 立替金(税抜) | CN137: 税率 | CR137: 消費税 | DA137: 立替金(税込)
A138: 許可工種（ | H138: =IF(貴社情報!$C$19=2,"許可なし",貴社情報!$AL$19) | AS138: ）
A141: 工事 名称 | E141: =IF($EG$9=3,IF($CA$13="","",$CA$13),IF($S$13="","",$S$13))
A148: 作 業 日 | G148: 請 求 内 訳 | Z148: 数 量 | AF148: 単位 | AI148: 単 価 | AO148: 金 額 | AY148: 注文年月日 | BK148: =BK70 | CB148: 羽衣組記入欄（分割支払の場合)
A151: =A73 | G151: =G73 -> 当月出来高 | Z151: =Z73 -> 1 | AF151: =AF73 -> 式 | AI151: =AI73 | AO151: =AO73 | AY151: 契約種別 | BE151: 注文番号 | BK151: 契 約 金 額（税 抜） | CB151: 原価コード | CL151: 金 額 | CY151: 税率 | DB151: 消費税
A154: =A76 | G154: =G76 | Z154: =Z76 | AF154: =AF76 | AI154: =AI76 | AO154: =AO76 | AY154: =AY76 | BE154: =BE76 | BK154: =BK76 | CI154: -
A157: =A79 | G157: =G79 | Z157: =Z79 | AF157: =AF79 | AI157: =AI79 | AO157: =AO79 | AY157: =AY79 | BE157: =BE79 | BK157: =BK79 | CI157: -
A160: =A82 | G160: =G82 | Z160: =Z82 | AF160: =AF82 | AI160: =AI82 | AO160: =AO82 | AY160: =AY82 | BE160: =BE82 | BK160: =BK82 | CI160: -
A163: =A85 | G163: =G85 | Z163: =Z85 | AF163: =AF85 | AI163: =AI85 | AO163: =AO85 | AZ163: 契約 総計 | BK163: =BK85 -> 0 | CI163: -
Z166: 当月請求額 | AI166: (税抜) | AO166: =AO88 | AZ166: 出来高累計 | BK166: =BK88 | CI166: -
Z169: 消費税額 | AI169: =IF($EG$9=3,IF($DL$21="","",$DL$21),IF($AE$27="","",$AE$27)) -> 10 | AO169: =AO91 -> 0 | AZ169: 支払率 | BF169: =IF($EG$9<>3,IF($AE$23="","",$AE$23),"") -> 90 | BK169: =BK91 -> 0 | CI169: -
Z172: 当月請求額 | AI172: (税込) | AO172: =AO94 | AZ172: 既収金 | BK172: =BK94 -> 0 | CI172: -
A178: ＜お支払に際しての注意事項＞
A179: 1. 注文書及び内訳書を添付の場合は２部提出して下さい。 2. 当社の支払日は翌月15日です。 尚、支払日が銀行休業日の場合、翌銀行営業日にお支払します。
A180: 3. 2026年9月15日締より、手形の全面的な利用廃止をいたします。 ４. 支払金額合計より振込手数料を控除します。
A188: 株式会社羽衣組 御中 | AU188: =AU110 | BA188: 請 求 書 | CZ188: 協力会社控
AV192: =AV114
A193: 下記の通り請求致します
BZ195: ＜お支払に際しての注意事項＞
A196: 〒 | E196: =IF(貴社情報!$I$6="","",貴社情報!$I$6)
A198: 住所 | E198: =IF(貴社情報!$I$7="","",貴社情報!$I$7) | AW198: 取引先コード | BG198: =BG121 -> 0 | BY198: 1.注文書及び内訳書を添付の場合は２部提出して下さい。
BY200: 2. 当社の支払日は翌月15日です。 尚、支払日が銀行休業日の場合、翌銀行営業日にお支払します。
A202: 社名 | E202: =IF(貴社情報!$I$8="","",貴社情報!$I$8) | AW202: 工事コード | BG202: =BG125 | BN202: － | BP202: =BP125 -> 00
BY204: 3. 2026年9月15日締より、手形の全面的な利用廃止をいたします。
AW206: 請求No. | BG206: =BG129 -> 0 | BY206: 4. 支払金額合計より振込手数料を控除します。
A207: TEL | E207: =IF(貴社情報!$I$9="","",貴社情報!$I$9) | P207: FAX | S207: =IF(貴社情報!$I$10="","",貴社情報!$I$10) | AF207: 担当 | AI207: =IF(貴社情報!$I$11="","",貴社情報!$I$11)
AW210: 登録番号 | BG210: =BG133
A212: 許可番号 | G212: =IF(貴社情報!$C$19=2,"",貴社情報!$I$14&貴社情報!$L$14&貴社情報!$N$14&貴社情報!$O$14&貴社情報!$P$14&貴社情報!$Q$14&貴社情報!$S$14&貴社情報!$W$14) -> 許可 （－） 第号 | AA212: 有効年月日 | AI212: =IF(貴社情報!$C$19=2,"",IF(貴社情報!$I$15="","",貴社情報!$I$15))
...
